 Dungeon Crawl Stone Soup version 0.30-a0-726-gd89dcf765f (webtiles) character file.

Game seed: 1556226118363419166

3101 timneilson the Shield-Bearer (level 9, -1/55 HPs)
             Began as a Gargoyle Fighter on Jan 29, 2023.
             Was an Elder of Okawaru.
             Killed from afar by an acid dragon (12 damage)
             ... with a splash of acid
             ... on level 8 of the Dungeon.
             The game lasted 00:13:27 (7712 turns).

timneilson the Shield-Bearer (Gargoyle Fighter)     Turns: 7712, Time: 00:13:27

Health: -1/55      AC: 25    Str: 23    XL:     9   Next: 90%
Magic:  0/12       EV:  8    Int: 10    God:    Okawaru [****..]
Gold:   383        SH:  6    Dex:  9    Spells: 8/8 levels left

rFire   + . .      SeeInvis .    a - +1 long sword
rCold   . . .      Faith    .    c - +1 buckler
rNeg    + . .      Spirit   +    p - +0 chain mail
rPois   ∞          Reflect  .    C - +0 helmet
rElec   +          Harm     .    n - +1 cloak {Will+}
rCorr   .          Rampage  .    o - +2 pair of gloves
Will    +....                    l - +0 pair of boots Stlth
                                 q - amulet of guardian spirit
HPRegen 0.29/turn                t - ring of protection from fire
MPRegen 0.13/turn                (no ring)

@: no status effects
A: sickness immunity, AC +6, negative energy resistance 1, electricity
resistance, torment resistance 1, petrification resistance
a: Renounce Religion, Heroism, Finesse


You were on level 8 of the Dungeon.
You worshipped Okawaru.
Okawaru was greatly pleased with you.
You visited 2 branches of the dungeon, and saw 9 of its levels.
You also visited: Ossuary.

You collected 383 gold pieces.

Inventory:

Hand Weapons
 a - a +1 long sword (weapon)
Missiles
 i - 2 throwing nets (quivered)
Armour
 c - a +1 buckler (worn)
 h - a +0 plate armour
 l - a +0 pair of boots (worn)
 n - a +1 cloak of willpower (worn)
 o - a +2 pair of gloves (worn)
 p - a +0 chain mail (worn)
 C - a +0 helmet (worn)
 E - a +0 tower shield
Jewellery
 q - an amulet of guardian spirit (around neck)
 t - a ring of protection from fire (left hand)
 y - a ring of ice
Scrolls
 b - 3 scrolls of fog
 e - 3 scrolls of teleportation
 f - a scroll of poison
 u - 2 scrolls of enchant weapon
 A - a scroll of amnesia
Potions
 d - 3 potions of might
 g - 3 potions of magic
 j - a potion of cancellation
 k - a potion of degeneration {unknown}
 m - 2 potions of lignification
 r - 2 potions of flight
 s - 3 potions of attraction
 v - 2 potions of invisibility
 w - 2 potions of resistance
 x - a potion of haste {unknown}
 z - 2 potions of mutation
 B - a potion of ambrosia {unknown}
 D - a potion of curing


   Skills:
 + Level 5.9 Fighting
 * Level 6.1 Long Blades
 * Level 7.8 Armour
 + Level 3.4 Dodging
 * Level 7.8 Shields
 + Level 4.3 Invocations


You had 8 spell levels left.
You didn't know any spells.
Your spell library contained the following spells:

 Spells                   Type           Power      Damage    Failure   Level
 Sting                    Tmut/Pois      0%         1d3       96%         1
 Poisonous Vapours        Pois/Air       0%         N/A       99%         2
 Wereblood                Tmut           0%         N/A       99%         2
 Gell's Gravitas          Tloc           0%         N/A       100%        3
 Teleport Other           Tloc           0%         N/A       100%        3
 Olgreb's Toxic Radiance  Pois           0%         N/A       100%        4
 Petrify                  Tmut/Erth      0%         N/A       100%        4
 Iskenderun's Battlesphe  Conj           0%         2d6       100%        5
 Metabolic Englaciation   Hex/Ice        0%         N/A       100%        5
 Dispersal                Tloc           0%         N/A       100%        6
 Iron Shot                Conj/Erth      0%         9d1       100%        6
 Sublimation of Blood     Necr           Unusable   N/A       N/A         2
 Statue Form              Tmut/Erth      Unusable   N/A       N/A         6
 Spellforged Servitor     Conj/Summ      Unusable   N/A       N/A         7
 Summon Hydra             Summ           Unusable   N/A       N/A         7

Dungeon Overview and Level Annotations

Branches:
Dungeon (8/15)             Temple (1/1) D:4         Ossuary (visited)
   Lair: D:8-11

Altars:
Cheibriados
Dithmenos
Elyvilon
Fedhas
Gozag
Hepliaklqana
Kikubaaqudgha
Makhleb
Nemelex Xobeh
Okawaru
Qazlal
Sif Muna
Trog
Uskayaw
Vehumet
Wu Jian
Xom
Yredelemnul
Zin
The Shining One


Innate Abilities, Weirdness & Mutations

You are immune to sickness and miasma.
Your stone body is resilient. (AC +6)
You are immune to poison.
You resist negative energy. (rN+)
You are resistant to electric shocks. (rElec)
You are resistant to unholy torment.
You are immune to petrification.


Message History

The acid dragon spits acid at you.
The splash of acid hits you but does no damage.
The acid corrodes you!
The centaur shouts!
You hit the acid dragon but do no damage.
The acid dragon is lightly wounded.
The acid dragon spits acid at you. The splash of acid hits you!!
You barely miss the acid dragon.
The acid dragon is lightly wounded.
You block the acid dragon's attack.
The acid dragon claws you but does no damage.
You hit the acid dragon but do no damage.
The acid dragon is lightly wounded.
The acid dragon closely misses you.
The acid dragon claws you but does no damage.
You barely miss the acid dragon.
The acid dragon is lightly wounded.
The acid dragon spits acid at you. The splash of acid hits you!!
You slash the acid dragon!
The acid dragon is moderately wounded.
You block the centaur's attack.
The centaur kicks you but does no damage.
The acid dragon bites you.
* * * LOW HITPOINT WARNING * * *
The acid dragon claws you but does no damage.
You block the centaur's attack. The centaur barely misses you.
The acid dragon bites you.
* * * LOW HITPOINT WARNING * * *
The acid dragon claws you.
* * * LOW HITPOINT WARNING * * *
Your magical effects are unravelling.
You feel magically purged.
You are no longer corroded.
The centaur hits you but does no damage.
The centaur kicks you but does no damage.
The acid dragon spits acid at you. The splash of acid hits you!
You die...

#.#.........# #
#...........#
#.#..<........+ ....
.............#.#..# .
#.......... #.#..#
#.#.....o...# ....#
...#....D##.####...##
........c@...>......
###...##.##...##.#.#
###......###.......#
.....##.......###.###.#
###.....####..........#
.....#..####..###)#####
..#.#...#.......#.....#
# #....)....#.#<###.#
#....[###.#.###


You could see an acid dragon (catching breath), a centaur and an orc.

Vanquished Creatures
  A deep elf pyromancer (D:5)
  Menkaure (D:7)
  Duvessa (D:4)
  A black bear (D:7)
  2 sky beasts
  2 ice beasts
  An ogre (D:5)
  2 centaurs (D:6)
  2 phantoms
  A kobold brigand (D:6)
  A gnoll sergeant (D:7)
  3 scorpions
  4 wights
  A water moccasin zombie (Ossuary)
  Dowan (D:4)
  2 howler monkeys
  3 centaur zombies (Ossuary)
  2 bullfrog zombies (Ossuary)
  4 orc priests
  4 jellies
  3 hounds
  Crazy Yiuf (D:4)
  A gnoll bouda (D:7)
  2 iguanas
  A scorpion zombie (Ossuary)
  4 orc wizards
  8 gnolls (D:7)
  3 adders
  A white imp (D:5)
  4 adder zombies (Ossuary)
  2 worms
  3 dart slugs
  11 orcs
  11 ball pythons
  8 endoplasms
  4 giant cockroaches
  6 hobgoblins
  4 jackals (D:2)
  6 quokkas
  5 bats
  A frilled lizard (D:2)
  8 goblins
  A goblin zombie (Ossuary)
  5 hobgoblin zombies (Ossuary)
  14 kobolds
  An orc zombie (Ossuary)
  2 rats (D:2)
159 creatures vanquished.

Notes
Turn   | Place    | Note
-------+----------+-------------------------------------------
     0 | D:1      | timneilson the Gargoyle Fighter began the quest for the
                  | Orb.
     0 | D:1      | Reached XP level 1. HP: 14/14 MP: 1/1
    25 | D:1      | Found a faded altar of an unknown god.
    69 | D:1      | Reached XP level 2. HP: 19/19 MP: 2/2
   862 | D:2      | Reached XP level 3. HP: 18/23 MP: 3/3
  1479 | D:2      | Found a sparkling altar of Nemelex Xobeh.
  1587 | D:2      | Reached XP level 4. HP: 28/28 MP: 4/4
  2437 | D:4      | Reached skill level 1 in Dodging
  2524 | D:4      | Found an opulent altar of Gozag.
  2606 | D:4      | Reached XP level 5. HP: 33/33 MP: 5/5
  2619 | D:4      | Found a staircase to the Ecumenical Temple.
  2641 | Temple   | Entered the Ecumenical Temple
  2955 | Temple   | Became a worshipper of Warmaster Okawaru
  3205 | D:4      | Found a runed translucent door.
  3389 | D:4      | Noticed a sky beast
  3431 | D:4      | Killed a sky beast
  3432 | D:4      | Reached XP level 6. HP: 18/38 MP: 3/6
  3598 | D:4      | Noticed Duvessa
  3603 | D:4      | Noticed Dowan
  3614 | D:4      | Killed Duvessa
  3614 | D:4      | Reached * piety under Okawaru
  3615 | D:4      | Reached skill level 1 in Invocations
  3631 | D:4      | Killed Dowan
  3931 | D:4      | Noticed Crazy Yiuf
  4081 | D:4      | Killed Crazy Yiuf
  4082 | D:4      | Reached skill level 5 in Armour
  4082 | D:4      | Reached skill level 5 in Shields
  4082 | D:4      | Reached XP level 7. HP: 20/43 MP: 3/8
  4249 | D:5      | Entered Level 5 of the Dungeon
  4695 | D:5      | Reached ** piety under Okawaru
  5220 | D:6      | Reached XP level 8. HP: 43/48 MP: 6/9
  5234 | D:6      | Noticed a deep elf pyromancer
  5286 | D:5      | Killed a deep elf pyromancer
  5302 | D:6      | Reached skill level 5 in Fighting
  5310 | D:6      | Reached *** piety under Okawaru
  5413 | D:6      | Found a sand-covered staircase.
  5421 | Ossuary  | Entered an ossuary
  5461 | Ossuary  | Reached skill level 5 in Long Blades
  5531 | Ossuary  | Reached XP level 9. HP: 48/54 MP: 11/11
  5617 | Ossuary  | Noticed a silent spectre
  6053 | D:6      | Found a glowing golden altar of the Shining One.
  6137 | D:7      | Noticed Menkaure
  6149 | D:7      | Killed Menkaure
  6631 | D:7      | Reached **** piety under Okawaru
  7712 | D:8      | Killed from afar by an acid dragon

Illustrated notes

Levels and vault maps discovered:
D:1:      lightli_iron_boxes, layout_basic,
          shapermc_ecumenical_altar_starsandcircs
D:2:      minmay_spotlight, layout_loops_corners, basic_altar
D:3:      layout_loops_ring
D:4:      layout_loops_ring, mainiacjoe_overflow_chevrons,
          minmay_temple_entry_offerings, minmay_splitting_lines,
          uniq_crazy_yiuf_cottage, uniq_duvessa
D:5:      layout_loops_ring, corexii_checkpoint_a, chequers_serial_rivers_marsh
D:6:      layout_cave_pools, mainiacjoe_overflow_alcove_4,
          chequers_ossuary_entry_cave, guppyfry_early_elven_hall
D:7:      layout_loops_cross, uniq_menkaure
D:8:      layout_basic, nicolae_ashenzari_skybound, serial_shops,
          nicolae_shop_overgrown_old_shop
Temple:   hc_temple_tempest_star

Skill      XL: |  1  2  3  4  5  6  7  8  9 |
---------------+----------------------------+-----
Long Blades    | 2 3 4 5 6 |  6.1
Armour         | 4 5 6 7 |  7.8
Shields        | 4 5 6 7 |  7.8
Dodging        | 1 2 3 |  3.4
Fighting       | 4 5 |  5.9
Invocations    | 1 2 3 4 |  4.3

Action                     |  1- 3 |  4- 6 |  7- 9 || total
---------------------------+-------+-------+-------++-------
  Melee: Long sword        |   114 |   186 |   599 ||   899
 Invoke: Heroism           |       |     1 |     2 ||     3
    Use: Scroll            |     5 |    11 |     4 ||    20
         Potion            |       |     1 |     5 ||     6
 Armour: Scale mail        |    61 |       |       ||    61
         Chain mail        |       |    96 |   538 ||   634
  Dodge: Dodged            |    46 |    57 |   275 ||   378
  Block: Buckler           |    16 |    35 |   225 ||   276

Table legend: (Time is in decaauts)
 A = Elapsed time spent in this place.
 B = Non-inter-level travel time spent in this place.
 C = Inter-level travel time spent in this place.
 D = Time resting spent in this place.
 E = Time spent auto-exploring this place.
 F = Levels seen in this place.
 G = Mean time per level.
                   A        B        C        D        E       F      G
               +--------+--------+--------+--------+--------+-----+--------+
         Total |   7917 |   7669 |    248 |    300 |   5271 |  10 |  791.7 |
       Dungeon |   7320 |   7102 |    218 |    300 |   4930 |   8 |  915.0 |
        Temple |    326 |    296 |     30 |      0 |    278 |   1 |  326.0 |
       Ossuary |    269 |    269 |      0 |      0 |     63 |   1 |  269.0 |
               +--------+--------+--------+--------+--------+-----+--------+

Top non-repeatable levels by time:
     D:4: 1541 daAuts
     D:7: 1267 daAuts
     D:2: 1097 daAuts
     D:5: 988 daAuts
     D:6: 945 daAuts
     D:1: 702 daAuts
     D:3: 675 daAuts
  Temple: 326 daAuts
 Ossuary: 269 daAuts
     D:8: 103 daAuts
